 Dungeon Crawl Stone Soup version 0.28.0-47-ge53b351184 (webtiles) character file.

Game seed: 17056736012171127453

4 CryoSword the Vexing (level 1, -1/13 HPs)
             Began as a Vampire Enchanter on May 8, 2022.
             Slain by a quokka (3 damage)
             ... on level 1 of the Dungeon.
             The game lasted 00:00:27 (307 turns).

CryoSword the Vexing (Vampire Enchanter)             Turns: 307, Time: 00:00:28

Health: -1/13      AC:  2    Str:  7    XL:     1   Next: 58%
Magic:  3/3        EV: 12    Int: 17    God:
Gold:   0          SH:  0    Dex: 14    Spells: 4/4 levels left

rFire   . . .      SeeInvis +   a - +1 dagger
rCold   . . .      Faith    .   (no shield)
rNeg    . . .      Spirit   .   b - +0 robe
rPois   .          Reflect  .   (no helmet)
rElec   .          Harm     .   (no cloak)
rCorr   .          Rampage  .   (no gloves)
Will    .....                   (no boots)
Stlth   +++.......              (no amulet)
HPRegen 0.24/turn               (no ring)
MPRegen 0.08/turn               (no ring)

@: healing quickly
A: alive, fangs 3, see invisible, vampiric 1
a: Exsanguinate


You were on level 1 of the Dungeon.
You visited 1 branch of the dungeon, and saw 1 of its levels.

Inventory:

Hand Weapons
 a - a +1 dagger (weapon)
Armour
 b - a +0 robe (worn)
Scrolls
 d - a scroll of torment {unknown}
 f - a scroll of identify {unknown}
Potions
 c - 2 potions of invisibility
 e - a potion of flight {unknown}


   Skills:
 + Level 0.1 Fighting
 * Level 1.2 Short Blades
 + Level 2.2 Dodging
 + Level 4.4 Stealth
 - Level 2.0 Spellcasting
 * Level 4.5 Hexes
 * Level 0.2 Ice Magic


You had 4 spell levels left.
You didn't know any spells.
Your spell library contained the following spells:

 Spells                   Type           Power      Damage    Failure   Level
 Confusing Touch          Hex            17%        N/A       9%          3
 Tukima's Dance           Hex            17%        N/A       9%          3
 Ensorcelled Hibernation  Hex/Ice        18%        N/A       11%         2
 Dazzling Flash           Conj/Hex       18%        N/A       22%         3


Dungeon Overview and Level Annotations

Branches:
Dungeon (1/15)

Altars:


Innate Abilities, Weirdness & Mutations

Your natural rate of healing is accelerated.
You have razor-sharp teeth.
You have supernaturally acute eyesight. (SInv)
You are afflicted with vampirism.


Message History

Welcome, CryoSword the Vampire Enchanter.
Are you destined to find the magnificent Orb of Zot, or to die trying?
Found a staircase leading out of the dungeon.
Could not explore, unopened door.
Could not explore, unopened door.
You open the door.
There is an open door here.
Found a ring mail.
A bat comes into view.
A bat is nearby!
A bat is nearby!
You hit the bat.
You kill the bat!
No target in view!
No target in view!
You enter the shallow water.
Moving in this stuff is going to be slow.
d - a scroll labelled MUEBARI PEETOJ A frilled lizard comes into view.
The frilled lizard hisses angrily.
A frilled lizard is nearby!
Found a stone staircase leading down.
The frilled lizard barely misses you.
You hit the frilled lizard but do no damage.
Your bite misses the frilled lizard. The frilled lizard bites you.
You hit the frilled lizard.
You kill the frilled lizard!
No target in view!
Found a stone staircase leading down.
Found 14 stones.
Found an escape hatch in the floor.
There is an escape hatch in the floor here.
You see here 14 stones.
An endoplasm comes into view.
An endoplasm is nearby!
An endoplasm is nearby!
The endoplasm quivers.
You hit the endoplasm. The endoplasm closely misses you.
You hit the endoplasm but do no damage. The endoplasm freezes you.
You are frozen.
You hit the endoplasm.
You kill the endoplasm!
No target in view!
c - 2 potions of invisibility (gained 1)
A ball python comes into view.
A ball python is nearby!
A ball python is nearby!
The ball python hisses angrily.
The ball python barely misses you. x2
The ball python bites you but does no damage.
The ball python closely misses you.
You barely miss the ball python. The ball python bites you.
The ball python completely misses you.
You closely miss the ball python.
The ball python bites you but does no damage.
The ball python grabs you. The ball python constricts you.
You don't know any spells.
Unknown command.
You hit the ball python. The ball python bites you.
The ball python constricts you.
You hit the ball python.
You kill the ball python!
No target in view!
A hobgoblin comes into view.
The hobgoblin shouts!
A hobgoblin is nearby!
A hobgoblin is nearby!
A hobgoblin is nearby!
You see here a golden potion.
You hit the hobgoblin but do no damage. The hobgoblin hits you.
You hit the hobgoblin but do no damage. You hit the hobgoblin.
The hobgoblin hits you.
You hit the hobgoblin.
You kill the hobgoblin!
No target in view!
e - a golden potion
f - a scroll labelled QEOPOWNONT
Found 6 silver javelins.
A kobold comes into view. It is wielding a +0 short sword.
A kobold is nearby!
A kobold is nearby!
A kobold is nearby!
The kobold shouts!
A quokka comes into view.
You closely miss the kobold. The kobold closely misses you.
You closely miss the kobold.
The kobold hits you with a +0 short sword.
You hit the quokka. Your bite misses the quokka. The quokka misses you.
The kobold hits you with a +0 short sword.
* * * LOW HITPOINT WARNING * * *
You are too injured to fight recklessly!
You are too injured to fight recklessly!
The quokka twitches its whiskers.
The kobold hits you with a +0 short sword.
* * * LOW HITPOINT WARNING * * *
The quokka barely misses you.
You hit the quokka. The quokka barely misses you.
You hit the quokka. The quokka barely misses you.
You hit the quokka but do no damage. The quokka bites you.
You die...

#.# .#.## #..#.##... ..
##....###....#.... #.# .....
............ .####.. #..#
.....#.....#
.......####.###........#>...
......(.........>...........
........#..K..####.#.....##.
#....##r#....#.......##.
###..##@# ##........###. ####
#####.....#####....#...###
#.....##.........##.....#..#..###
..............#..##.....##.#...##
....................###.##.....##
.................#...##.##......#
.........†.........#.##..###....#
.................###.###.#####..#
...................#.# #..##....#


You could see a quokka and a kobold.

Vanquished Creatures
  An endoplasm (D:1)
  A hobgoblin (D:1)
  A ball python (D:1)
  A bat (D:1)
  A frilled lizard (D:1)
5 creatures vanquished.

Notes
Turn   | Place    | Note
-------+----------+-------------------------------------------
     0 | D:1      | CryoSword the Vampire Enchanter began the quest for the
                  | Orb.
     0 | D:1      | Reached XP level 1. HP: 13/13 MP: 3/3
   307 | D:1      | Slain by a quokka

Illustrated notes

Levels and vault maps discovered:
D:1:      tarquinn_simple_flora_water_f, layout_rooms, serial_bayou_lagoon_a,
          chequers_garden

Action                   || total
-------------------------++-------
Melee: Dagger            ||    20
Armor: Robe              ||     2
Dodge: Dodged            ||    11
